 Dungeon Crawl Stone Soup version 0.29-a0-234-g0dae59b3db (webtiles) character file.

Game seed: 9350573818550034004

705 spaghetti the Covert (level 7, -4/46 HPs)
             Began as an Octopode Fighter on Mar 3, 2022.
             Slain by an ice beast (10 damage)
             ... on level 5 of the Dungeon.
             The game lasted 00:06:40 (4386 turns).

spaghetti the Covert (Octopode Fighter)             Turns: 4386, Time: 00:06:40

Health: -4/46      AC:  1    Str: 15    XL:     7   Next: 67%
Magic:  7/7        EV: 15    Int: 11    God:
Gold:   101        SH:  6    Dex: 19    Spells: 6/6 levels left

rFire   . . .      SeeInvis .   a - +0 long sword {long}
rCold   . . .      Faith    .   b - +0 buckler
rNeg    . . .      Spirit   .   (helmet restricted)
rPois   .          Reflect  .   (no amulet)
rElec   .          Harm     .   e - +6 ring of dexterity
rCorr   .          Rampage  .   k - ring of wizardry
Will    .....                   (no ring)
Stlth   ++++++....              (no ring)
HPRegen 0.15/turn               (no ring)
MPRegen 0.10/turn               (no ring)
                                (no ring)
                                (no ring)

@: no status effects
A: almost no armour, amphibious, 8 rings, camouflage 1, gelatinous body 1,
(nimble swimmer 1), tentacles
a: no special abilities


You were on level 5 of the Dungeon.
You visited 1 branch of the dungeon, and saw 5 of its levels.

You collected 101 gold pieces.


Innate Abilities, Weirdness & Mutations

You cannot wear most types of armour.
You are amphibious.
You can wear up to eight rings at the same time.
Your skin changes colour to match your surroundings (Stealth+).
Your rubbery body absorbs attacks. (AC +1, EV +1)
((You are camouflaged when in or above water. (Stealth+)))
You have tentacles for arms and can constrict up to eight enemies at once.


   Skills:
 - Level 3.0 Fighting
 - Level 2.0 Long Blades
 + Level 4.1 Dodging
 - Level 10.0 Stealth
 + Level 4.1 Shields


You had 6 spell levels left.
You didn't know any spells.
Your spell library contained the following spells:

 Spells                   Type           Power      Damage    Failure   Level
 Magic Dart               Conj           0%         1d3       17%         1
 Ensorcelled Hibernation  Hex/Ice        0%         N/A       26%         2
 Passwall                 Tmut/Erth      0%         N/A       26%         2
 Searing Ray              Conj           0%         2d4       26%         2
 Static Discharge         Conj/Air       0%         N/A       26%         2
 Swiftness                Air            0%         N/A       45%         3
 Dispel Undead            Necr           0%         3d6       85%         4
 Fulminant Prism          Conj/Hex       0%         3d6       85%         4
 Sticky Flame             Conj/Fire      0%         2d3       85%         4

Inventory:

Hand Weapons
 a - a +0 long sword (weapon) {long}
 g - a +0 flail of holy wrath {mace}
   (You took it off an orc on level 3 of the Dungeon)
 o - a +2 vorpal trident {polearm}
   (You found it on level 3 of the Dungeon)
 q - a +0 whip of freezing {mace}
   (You took it off a gnoll on level 5 of the Dungeon)
Missiles
 d - 186 stones (quivered) {throwing}
 i - 2 silver boomerangs {throwing}
 p - 5 boomerangs {throwing}
Armour
 b - a +0 buckler (worn)
Jewellery
 e - a +6 ring of dexterity (left tentacle)
   (You found it on level 1 of the Dungeon)
 k - a ring of wizardry (right tentacle)
   (You found it on level 2 of the Dungeon)
Scrolls
 l - a scroll of vulnerability {!r!r}
 m - 2 scrolls of teleportation {@r4}
Potions
 c - a potion of degeneration {unknown}
 f - 2 potions of haste {@q3}
 h - 2 potions of resistance
 j - a potion of brilliance
 n - 3 potions of curing {@q1}

Dungeon Overview and Level Annotations

Branches:
Dungeon (5/15)
 Temple: D:4-7

Altars:
Elyvilon
The Shining One
Beogh

Shops:
D:3 (

Annotations:
D:5 exclusion: door

+##...........#)########
....
.........####.).......#
....
........)#..#.........#
....
.........#..#.........#
...
.........#..#.........#
..
#######'##..##+#####...
#......#......#...
#......#...$..# ..
#......#@Y....+
#......'......#
#......#......#
#......###....##
####...# ##### #.....
#..... #.... ##...


You could see an ice beast.


Message History

The gnoll barely misses you.
You slash the gnoll!
You kill the gnoll!
Your Dodging skill increases to level 4!
Your Shields skill increases to level 4!
You hit the gnoll. You grab the gnoll. You constrict the gnoll.
The gnoll escapes!
You slash the gnoll!
You kill the gnoll!
The gnoll closely misses you. You block the gnoll's attack.
The gnoll hits you with a +0 spear.
There is an open door, spattered with blood here.
You see here a +0 club {mace}. 😕 HP[-5]
You take 5 damage, and now have 41/46 hp.
You hit the gnoll. Your grab misses the gnoll. You squeeze the gnoll!
The gnoll hits you with a +0 spear! 😕 HP[-6]
You take 6 damage, and now have 35/46 hp.
You hit the gnoll.
You kill the gnoll!
No target in view!
No target in view!
No target in view!
No target in view!
No target in view!
No target in view!
No target in view!
No target in view!
No target in view!
No target in view!
No target in view!
No target in view!
No target in view!
No target in view!
q - a +0 whip of freezing {mace} Key pressed, stopping explore.
There is an open door, spattered with blood here.
You see here a +0 club {mace}.
Things that are here:
a +0 spear {polearm}; a gnoll corpse; 😎 HP[+11]
Your hp is fully restored (46).
A gnoll is nearby!
A gnoll is nearby!
The gnoll hits you with a +0 flail. 😕 HP[-6]
You take 6 damage, and now have 40/46 hp.
You slash the gnoll! Your grab misses the gnoll. The gnoll barely misses you.
The gnoll hits you with a +0 flail! 😮 HP[-7]
You take 7 damage, and now have 33/46 hp.
You are too injured to fight recklessly!
You are too injured to fight recklessly!
You are too injured to fight recklessly!
You are too injured to fight recklessly!
You are too injured to fight recklessly!
You are too injured to fight recklessly!
You are too injured to fight recklessly!
You are too injured to fight recklessly!
A gnoll is nearby!
You hit the gnoll but do no damage. You grab the gnoll.
You constrict the gnoll. You block the gnoll's attack.
You hit the gnoll.
You kill the gnoll!
You now have 101 gold pieces (gained 8). 😮 HP[+1]
You start resting. 😎 HP[+12]
Your hp is fully restored (46).
Things that are here:
a +0 flail {mace}; a gnoll corpse
There is an open door here.
You open the door.
An ice beast comes into view.
An ice beast is nearby!
An ice beast is nearby!
There is an open door here.
You slash the ice beast! The ice beast hits you. The ice beast freezes you.
The ice beast closely misses you. 😕 HP[-9]
You take 9 damage, and now have 37/46 hp.
You hit the ice beast. The ice beast hits you. The ice beast freezes you!
* * * LOW HITPOINT WARNING * * *
You are too injured to fight recklessly! 😨 HP[-15]
You take 15 damage, and now have 22/46 hp.
MASSIVE DAMAGE!! (PAUSE)
You slash the ice beast! The ice beast hits you.
* * * LOW HITPOINT WARNING * * *
The ice beast freezes you!
* * * LOW HITPOINT WARNING * * *
😱 HP[-15]
You take 15 damage, and now have 7/46 hp.
MASSIVE DAMAGE!! (PAUSE)
Okay, then.
You hit the ice beast but do no damage. You squeeze the ice beast.
The ice beast barely misses you. The ice beast hits you.
* * * LOW HITPOINT WARNING * * *
The ice beast freezes you!
You die...

Skill      XL: |  1  2  3  4  5  6  7 |
---------------+----------------------+-----
Stealth        | 2 3 5 6 8 10 | 10.0
Dodging        | 4 |  4.1
Shields        | 4 |  4.1
Fighting       | |  3.0
Long Blades    | |  2.0

Action                   |  1- 3 |  4- 6 |  7- 9 || total
-------------------------+-------+-------+-------++-------
Melee: Long sword        |    65 |    93 |    28 ||   186
       Constrict         |    25 |    12 |     7 ||    44
       Tentacles         |     7 |    13 |     4 ||    24
       Punch             |     2 |     4 |       ||     6
Throw: Stone             |     3 |     6 |     8 ||    17
  Use: Scroll            |     8 |     1 |       ||     9
       Potion            |     1 |     5 |     1 ||     7
 Stab: Sleeping          |     8 |    11 |     3 ||    22
Armor: Skin              |     6 |    29 |       ||    35
Dodge: Dodged            |    33 |    52 |     9 ||    94
Block: Buckler           |    21 |    21 |     4 ||    46

Levels and vault maps discovered:
D:1:      lemuel_arrival_hallway, layout_basic, minmay_box_of_dots
D:2:      layout_basic, hellmonk_ecumenical_altar_defaced_shrine, serial_bayou,
          serial_bayou_shore_a, serial_bayou_ford_a, serial_bayou_shore_b,
          serial_bayou_pond_e, serial_bayou_lake_a, minmay_worlds_worst_comb
D:3:      layout_basic, tso_metal_star, general_overflow_altar, serial_shops,
          nicolae_shop_advertising_works [nicolae_subvault_shop_adworks],
          chequers_garden, st_stairs_9, corexii_corridor_pit,
          supply_closet_lemuel, minmay_fractal_squares_gapless_5
D:4:      wad_lake_hut, layout_basic, serial_shops, nicolae_shop_hallway_plus,
          uniq_crazy_yiuf_cottage, uniq_ijyb
D:5:      layout_gridville

Notes
Turn   | Place    | Note
-------+----------+-------------------------------------------
     0 | D:1      | spaghetti the Octopode Fighter began the quest for the Orb.
     0 | D:1      | Reached XP level 1. HP: 16/16 MP: 1/1
     0 | D:1      | magus.rc [v1.9.6]
    73 | D:1      | Reached skill level 1 in Stealth
    77 | D:1      | Reached skill level 2 in Stealth
    79 | D:1      | Reached XP level 2. HP: 13/21 MP: 2/2
   255 | D:1      | Reached skill level 3 in Stealth
   422 | D:1      | Reached XP level 3. HP: 22/26 MP: 3/3
   658 | D:1      | Reached skill level 4 in Stealth
   700 | D:2      | You pick up a book of Touch and begin reading...
   700 | D:2      | You add the spells Static Discharge, Sticky Flame and
                  | Dispel Undead to your library.
   887 | D:2      | You pick up a book of Conjurations {@e2} and begin
                  | reading...
   887 | D:2      | You add the spells Magic Dart, Searing Ray and Fulminant
                  | Prism to your library.
   966 | D:2      | You pick up a book of Burglary and begin reading...
   966 | D:2      | You add the spells Passwall, Ensorcelled Hibernation and
                  | Swiftness to your library.
  1028 | D:2      | Found a faded altar of an unknown god.
  1684 | D:3      | Found Qexiemix's Weapon Emporium.
  1833 | D:3      | Reached skill level 5 in Stealth
  1863 | D:3      | Reached XP level 4. HP: 31/31 MP: 4/4
  1880 | D:3      | Found a white marble altar of Elyvilon.
  1933 | D:3      | Found a glowing golden altar of the Shining One.
  2095 | D:3      | Reached skill level 6 in Stealth
  2162 | D:3      | Reached XP level 5. HP: 17/36 MP: 5/5
  2336 | D:3      | You pick up a book of Burglary and begin reading...
  2398 | D:3      | Reached skill level 7 in Stealth
  3024 | D:4      | Noticed an ogre
  3225 | D:4      | Noticed an ogre
  3225 | D:4      | Noticed a water moccasin
  3230 | D:4      | Killed a water moccasin
  3231 | D:4      | Reached skill level 8 in Stealth
  3231 | D:4      | Reached XP level 6. HP: 42/42 MP: 6/6
  3258 | D:4      | Reached skill level 9 in Stealth
  3261 | D:5      | Entered Level 5 of the Dungeon
  3399 | D:5      | Noticed a black bear
  3407 | D:5      | HP: 3/42 [black bear (8)]
  3408 | D:5      | Reached skill level 10 in Stealth
  3408 | D:5      | Reached XP level 7. HP: 2/46 MP: 7/7
  4200 | D:5      | Reached skill level 4 in Dodging
  4200 | D:5      | Reached skill level 4 in Shields
  4385 | D:5      | HP: 7/46 [ice beast (13)]
  4386 | D:5      | Slain by an ice beast

Vanquished Creatures
  A water moccasin (D:4)
  An ogre (D:4)
  A black bear (D:5)
  A scorpion (D:5)
  2 hounds
  2 jellies (D:5)
  2 orc priests
  An iguana (D:5)
  4 gnolls (D:5)
  3 adders
  3 dart slugs
  A worm (D:4)
  15 orcs
  8 ball pythons
  3 bats
  4 endoplasms
  4 giant cockroaches
  4 goblins
  10 hobgoblins
  7 jackals
  A quokka (D:2)
  A frilled lizard (D:1)
  6 kobolds
  4 rats (D:3)
89 creatures vanquished.

Table legend:
 A = Non-vault XP
 B = Vault XP
 C = Vault XP percentage of total XP
 D = Non-vault monster count
 E = Vault monster count
 F = Vault count percentage of total count
                 A         B        C        D         E       F
            +---------+---------+-------+---------+---------+-------
      Total |     942 |      66 |   6.5 |      76 |      13 |  14.6
            +---------+---------+-------+---------+---------+-------
        D:1 |      38 |       3 |   7.3 |      18 |       2 |  10.0
        D:2 |      20 |      10 |  33.3 |      10 |       4 |  28.6
        D:3 |     118 |      53 |  31.0 |      28 |       7 |  20.0
        D:4 |     324 |       0 |   0.0 |       6 |       0 |   0.0
        D:5 |     442 |       0 |   0.0 |      14 |       0 |   0.0
            +---------+---------+-------+---------+---------+-------

Illustrated notes

Table legend:
 A = Kills in this place as a percentage of kills in entire the game.
 B = Kills by you in this place as a percentage of kills by you in the entire game.
 C = Kills by friends in this place as a percentage of kills by friends in the entire game.
 D = Other kills in this place as a percentage of other kills in the entire game.
 E = Experience gained in this place as a percentage of experience gained in the entire game.
 F = Experience gained in this place divided by the number of levels of this place that you have seen.
                   A       B       C       D       E      F
               +-------+-------+-------+-------+-------+----------------------
         Total | 100.0 | 100.0 |   N/A |   N/A | 100.0 | 201.6
       Dungeon | 100.0 | 100.0 |   N/A |   N/A | 100.0 | 201.6
               +-------+-------+-------+-------+-------+----------------------

Table legend: (Time is in decaauts)
 A = Elapsed time spent in this place.
 B = Non-inter-level travel time spent in this place.
 C = Inter-level travel time spent in this place.
 D = Time resting spent in this place.
 E = Time spent auto-exploring this place.
 F = Levels seen in this place.
 G = Mean time per level.
                   A        B        C        D        E       F      G
               +--------+--------+--------+--------+--------+-----+--------+
         Total |   4430 |   4332 |     98 |   1494 |   2180 |   5 |  886.0 |
       Dungeon |   4430 |   4332 |     98 |   1494 |   2180 |   5 |  886.0 |
               +--------+--------+--------+--------+--------+-----+--------+

Top non-repeatable levels by time:
     D:3: 1424 daAuts
     D:5: 1136 daAuts
     D:2: 953 daAuts
     D:1: 682 daAuts
     D:4: 233 daAuts
